Unix NetHack Version 5.0.0-0 post-release - last build Jun 10 2026 00:39:30 (3ee93aec679c4c4259841fe613dc97188e26a321,branch:main).

Game began 2026-07-01 16:10:07, ended 2026-07-01 16:15:32.

DiePARTEI, neutral female human Tourist

                                                     ----
                                                    |...|
                                                   --.^@---
                                                  --.G)d..-
                                                  -.....h..
                                                 -.)--....
                                                 .<--
                                                 .--

DiePARTEI the Rambler       St:13 Dx:13 Co:12 In:12 Wi:8 Ch:18  Neutral
Dlvl:3  $:773 HP:0(13) Pw:2(2) AC:9  Xp:1 T:710 

Latest messages:
 This lichen corpse tastes okay.
 You finish eating the lichen corpse.
 You swap places with your little dog.
 What do you want to wield? [- ap or ?*] -
 You are bare handed.
 You hear some noises.
 The door opens.
 The door opens.
 The newt bites!
 The little dog bites the newt.
 The newt is killed!
 Your little dog eats a newt corpse.
 You swap places with your little dog.
 You descend the stairs.
 You climb up the stairs.
 You descend the stairs.
 You see here a runed bow.
 The little dog bites the gnome.
 The little dog bites the gnome.
 The little dog bites the gnome.
 The gnome is killed!
 Pick a monster, object or location.
 You see here a runed bow.
 You stop.  Your little dog is in the way!
 You see here a partly used candle (lit).
 x - a partly used candle (lit).
 The gnome wields a thonged club!
 The gnome secures the tether on the thonged club.
 You suddenly yearn for your distant homeland.
 It bites the gnome.
 The gnome is killed!
 The little dog bites the dwarf.
 The dwarf swings his pick-axe at the little dog.
 The dwarf hits the little dog.
 The little dog misses the dwarf.
 The little dog bites the dwarf.
 The dwarf swings his pick-axe at the little dog.
 The dwarf hits the little dog.
 The dwarf swings his pick-axe.
 The dwarf hits!
 The little dog picks up a thonged club.
 What do you want to drink? [ft or ?*] ?
 You feel much better.
 The dwarf swings his pick-axe.
 The dwarf hits!
 The dwarf wields a dagger!
 You are hit by a dagger.
 You die...
 Do you want your possessions identified? [ynq] (y) y
 Do you want to see your attributes? [ynq] (y) q

Inventory:
 Coins    ('$')
  $ - 773 gold pieces
 Weapons  (')')
  a - 29 +2 darts (at the ready)
  p - a +0 orcish dagger
 Armor    ('[')
  q - an uncursed +0 orcish helm
  o - an uncursed +0 shield of shock resistance (being worn)
  i - an uncursed +0 Hawaiian shirt with a giant eel motif (being worn)
 Comestibles  ('%')
  b - 11 uncursed food rations
  m - a cursed food ration
  n - an uncursed fortune cookie
  r - 2 cursed fortune cookies
  d - an uncursed lembas wafer
  c - an uncursed tin of broiled newt meat
  e - an uncursed egg
  u - a cursed egg
 Scrolls  ('?')
  h - a blessed scroll of magic mapping
  g - 3 uncursed scrolls of magic mapping
 Spellbooks  ('+')
  s - an uncursed spellbook of healing
 Potions  ('!')
  f - an uncursed potion of extra healing
  t - an uncursed potion of healing
 Tools    ('(')
  k - an uncursed credit card
  j - an expensive camera (0:31)
  l - an uncursed leash
  w - an uncursed oil lamp
  x - an uncursed partly used tallow candle (lit)

DiePARTEI the Tourist's attributes:

Background:
 You were a Rambler, a level 1 female human Tourist.
 You were neutral, on a mission for The Lady
 who was opposed by Blind Io (lawful) and Offler (chaotic).
 You were right-handed.
 You were in the Gnomish Mines, on level 3.
 You entered the dungeon 710 turns ago.
 There was a full moon in effect when your adventure ended.
 You had 11 experience points, 9 more were needed to attain level 2.

Basics:
 You had 0 out of 13 hit points.
 You had both energy points (spell power).
 Your armor class was 9.
 Your wallet contained 773 zorkmids.
 Autopickup was off.

Final Characteristics:
 Your strength was 13 (limit:18/100).
 Your dexterity was 13 (limit:18).
 Your constitution was 12 (limit:18).
 Your intelligence was 12 (limit:18).
 Your wisdom was 8 (limit:18).
 Your charisma was 18 (limit:18).

Final Status:
 You weren't hungry.
 You were unencumbered.
 You were bare handed.
 You were unskilled in bare handed combat.

Final Attributes:
 You were nominally aligned.
 You were shock resistant.
 Your items were protected from electric shocks.
 You were lucky.
 You are dead.

Miscellaneous:
 You didn't encounter any bones levels.
 Total elapsed playing time was 5 minutes and 25 seconds.

Major events:
 Turn
    1: DiePARTEI the neutral female human Tourist entered the dungeon
  692: entered the Gnomish Mines
  710: killed by a dagger

You didn't know any spells.

Skills:
 Fighting Skills
   bare handed combat [Unskilled]
   two weapon combat  [Unskilled]
   riding             [Unskilled]
 Weapon Skills
   dagger             [Unskilled]
   knife              [Unskilled]
   axe                [Unskilled]
   pick-axe           [Unskilled]
   short sword        [Unskilled]
   broadsword         [Unskilled]
   long sword         [Unskilled]
   two-handed sword   [Unskilled]
   saber              [Unskilled]
   mace               [Unskilled]
   morning star       [Unskilled]
   flail              [Unskilled]
   hammer             [Unskilled]
   quarterstaff       [Unskilled]
   polearms           [Unskilled]
   spear              [Unskilled]
   trident            [Unskilled]
   lance              [Unskilled]
   bow                [Unskilled]
   sling              [Unskilled]
   crossbow           [Unskilled]
   dart               [Basic]
   shuriken           [Unskilled]
   boomerang          [Unskilled]
   whip               [Unskilled]
   unicorn horn       [Unskilled]
 Spellcasting Skills
   divination spells  [Unskilled]
   enchantment spells [Unskilled]
   escape spells      [Unskilled]

Voluntary challenges:
 Character rerolling was not enabled.
 You followed a strict vegan diet.
 You were an atheist.
 You never hit with a wielded weapon.
 You were illiterate.
 You never genocided any monsters.
 You never polymorphed an object.
 You never changed form.
 You used no wishes.
Achievement:
 You entered the Gnomish Mines.

 The Dungeons of Doom: levels 1 to 2
    Level 1:
       A fountain.
    Level 2:
       Stairs down to The Gnomish Mines.
 The Gnomish Mines:
    Level 3: <- You were here.
       Final resting place for
          you, killed by a dagger.


Vanquished creatures:
  2 gnomes
  5 jackals
  a fox
  a kobold
  2 goblins
  2 lichens
  4 newts
17 creatures vanquished.

No species were genocided or became extinct.

Game over:
                       ----------
                      /          \
                     /    REST    \
                    /      IN      \
                   /     PEACE      \
                  /                  \
                  |    DiePARTEI     |
                  |      773 Au      |
                  |   killed by a    |
                  |      dagger      |
                  |                  |
                  |                  |
                  |       2026       |
                 *|     *  *  *      | *
        _________)/\\_//(\/(/\)/\//\/|_)_______

Aloha DiePARTEI the Tourist...

You died in The Gnomish Mines on dungeon level 3 with 162 points,
and 773 pieces of gold, after 710 moves.
You were level 1 with a maximum of 13 hit points when you died.

